[Event "*** Titled Tuesday Blitz"]
[Site "Chess.com"]
[Date "2021.02.02"]
[Round "5"]
[White "lucachess49"]
[Black "MVM2008"]
[Result "1-0"]
[WhiteElo "2325"]
[BlackElo "2113"]
[TimeControl "180+1"]
[EndTime "10:59:00 PST"]
[Termination "lucachess49 won by checkmate"]

1. d4 Nf6 2. c4 e6 3. Nc3 Bb4 4. e3 d5 5. Ne2 c6 6. a3 Bd6 7. Ng3 Nbd7 8. cxd5 cxd5 9. Bd2 O-O 10.
Rc1 a6 11. Bd3 e5 12. O-O e4 13. Bb1 b5 14. f3 Bxg3 15. hxg3 Nh5 16. Be1 Qg5 17. f4 Qh6 18. Nxd5 f5 19. Qb3 Kh8 20.
Nc7 Nhf6 21. g4 Nxg4 22. Bg3 Rb8 23. Ne6 Rf6 24. Ng5 Qh5 25. Ba2 Qe8 26. Nf7+ Kg8 27. Nd6+ Qe6 28. Qxe6+ Rxe6 29. Bxe6+ Kf8 30. Nxf5 Ngf6 31.
Bh4 Nb6 32. Bxf6 Bxe6 33. Nxg7 Kf7 34. Be5 Rg8 35. Nxe6 Kxe6 36. f5+ Kd5 37. Rc5# 1-0

[Event "*** Titled Tuesday Blitz"]
[Site "Chess.com"]
[Date "2021.02.02"]
[Round "5"]
[White "Man-Chuk"]
[Black "SGchess01"]
[Result "0-1"]
[WhiteElo "2914"]
[BlackElo "2813"]
[TimeControl "180+1"]
[EndTime "10:59:01 PST"]
[Termination "SGchess01 won by resignation"]

1. c4 Nf6 2. Nc3 e5 3. g3 d5 4. cxd5 Nxd5 5. Bg2 Nb6 6. d3 Be7 7. Be3 O-O 8. Rc1 Re8 9. Nf3 Nc6 10. O-O Bg4 11.
Nd2 Bf8 12. Bxc6 bxc6 13. f3 Bh3 14. Re1 Nd5 15. Bf2 g6 16. Qc2 Bh6 17. Nce4 f5 18.
Nc3 Ne3 19. Qa4 Qf6 20. Nc4 Nd5 21. Rc2 Kh8 22. Na5 Ne3 23. Rcc1 Rab8 24. Rb1 c5 25. Nc4 Nxc4 26. Qxc4 g5 27. Nd5 Qf7 28. Qxc5 g4 29. Nxc7 Rbc8 30. Qc6 Bd2 31. Red1 Rxc7 32. Qb5 Bh6 33. d4 gxf3 34. exf3 e4 35. fxe4 fxe4 36. d5 e3 37. Be1 e2 38. Bc3+ Rxc3 39. bxc3 Be3+ 0-1

[Event "*** Titled Tuesday Blitz"]
[Site "Chess.com"]
[Date "2021.02.02"]
[Round "5"]
[White "Murad_Ibrahimli"]
[Black "remi04"]
[Result "0-1"]
[WhiteElo "2834"]
[BlackElo "2620"]
[TimeControl "180+1"]
[EndTime "10:59:01 PST"]
[Termination "remi04 won by resignation"]

1. d4 Nf6 2. c4 e6 3. Nf3 Bb4+ 4. Nbd2 d5 5. e3 O-O 6. Bd3 c5 7. O-O Nc6 8. cxd5 exd5 9. dxc5 Bxc5 10. a3 a5 11. b3 d4 12. e4 Bg4 13. h3 Bh5 14. Qc2 Bd6 15. Bb2 Rc8 16. Qb1 Bf4 17. Ra2 Re8 18.
Bc1 Qc7 19. Rc2 Qb8 20. Rc5 Bg6 21. Re1 Nd7 22. Rb5 Nde5 23. Nxe5 Nxe5 24. Nc4 Nxd3 25. Qxd3 Bxc1 26. Rxc1 Rxe4 27. Qd2 h6 28. a4 Rce8 29. Qxa5 Qf4 30. Qd2 Qxd2 31. Nxd2 Re2 32. Nf3 d3 33. Rd1 Rb2 34. Rxb7 Ree2 35. Rf1 d2 36. Rd7 Be4 37.
a5 Bxf3 38. gxf3 Re1 39. a6 Rbb1 40. a7 Rxf1+ 41. Kh2 Ra1 42. Kg2 d1=Q 0-1

[Event "*** Titled Tuesday Blitz"]
[Site "Chess.com"]
[Date "2021.02.02"]
[Round "5"]
[White "ChessWarrior7197"]
[Black "OK97"]
[Result "1-0"]
[WhiteElo "2912"]
[BlackElo "2779"]
[TimeControl "180+1"]
[EndTime "10:59:03 PST"]
[Termination "ChessWarrior7197 won by resignation"]

1. e4 e6 2. d4 d5 3. exd5 exd5 4. Nf3 Nc6 5. Bd3 Bg4 6. O-O Bd6 7. h3 Bh5 8. Re1+ Nge7 9. c3 Qd7 10. Nbd2 f6 11. b4 O-O 12. Qc2 Bg6 13. Nb3 Rae8 14.
b5 Nd8 15. a4 Ne6 16. Bxg6 Nxg6 17. g3 Re7 18. Bd2 Rfe8 19. Kg2 c6 20. bxc6 Qxc6 21.
Na5 Qc7 22. Nb3 Nd8 23. Qf5 Nf7 24. Qxd5 Kf8 25. c4 Rd8 26. Rxe7 Bxe7 27. Qe6 Rd6 28.
Qe2 Rd8 29. d5 Re8 30. Nbd4 Kg8 31. Nf5 Rc8 32. h4 Bf8 33. h5 Nge5 34. Rc1 Qd7 35. Ne3 Qxa4 36. Bc3 Nxf3 37. Qxf3 b5 38. Bxf6 gxf6 39.
Qg4+ Kh8 40. Qxc8 1-0

[Event "*** Titled Tuesday Blitz"]
[Site "Chess.com"]
[Date "2021.02.02"]
[Round "5"]
[White "PavelShkapenko"]
[Black "Skatchkov_V"]
[Result "1-0"]
[WhiteElo "2728"]
[BlackElo "2531"]
[TimeControl "180+1"]
[EndTime "10:59:03 PST"]
[Termination "PavelShkapenko won by resignation"]

1. e4 e5 2. Nf3 Nf6 3. Nxe5 d6 4. Nf3 Nxe4 5. d3 Nf6 6. d4 Be7 7. Bd3 O-O 8. h3 b6 9. O-O Bb7 10. Bf4 Nbd7 11. c3 Re8 12. Nbd2 Nf8 13. Bh2 c5 14. Qc2 Rc8 15. Rfe1 d5 16. Ne5 cxd4 17. Bb5 dxc3 18.
Bxe8 Nxe8 19. bxc3 d4 20. Qb3 Ne6 21. Nxf7 Qd5 22.
Qxd5 Bxd5 23. c4 Bxc4 24. Nxc4 Kxf7 25. Ne5+ Kg8 26. Nf3 Kf7 27. Be5 Bb4 28. Rec1 Bc3 29. Rab1 Rc4 30. Bxd4 Nxd4 31. Nxd4 Rxd4 32. Rxc3 Rd2 33.
Ra3 Rd7 34. Rc1 Nf6 35. Rac3 Nd5 36. Rd3 Ke6 37. Re1+ Kd6 38. g3 b5 39. Kg2 Kc6 40.
Rc1+ Kd6 41. f4 Ke6 42. Re1+ Kf6 43. Kf3 a6 44. Re5 Nb6 45. Rxd7 Nxd7 46. Rd5 Nb6 47. Rd6+ 1-0

[Event "*** Titled Tuesday Blitz"]
[Site "Chess.com"]
[Date "2021.02.02"]
[Round "5"]
[White "eldur16"]
[Black "DinaBelenkaya"]
[Result "1-0"]
[WhiteElo "2532"]
[BlackElo "2389"]
[TimeControl "180+1"]
[EndTime "10:59:03 PST"]
[Termination "eldur16 won by resignation"]

1. Nf3 d5 2. g3 Bg4 3. Bg2 c6 4. O-O Nd7 5. d3 e6 6. Nbd2 Bc5 7. b3 a5 8. a3 Ngf6 9. Bb2 O-O 10. c4 Qe7 11.
Qc2 Rfc8 12. d4 Ba7 13. c5 b6 14. b4 Bf5 15. Qc3 Ne4 16. Qe3 e5 17. Nh4 g6 18. Nxe4 Bxe4 19. Bxe4 dxe4 20. Qxe4 f5 21. Qd3 Rd8 22. Qc4+ Qf7 23. Qc3 bxc5 24. dxc5 Qe6 25. Rfd1 Re8 26. Rd6 Qe7 27. Rxc6 Rac8 28. Rxc8 Rxc8 29.
Rd1 Bb8 30. c6 Nf8 31. b5 Ne6 32. Nf3 Ng5 33. Nxg5 Qxg5 34. b6 Qe7 35. c7 Bxc7 36.
bxc7 Rxc7 37. Qxe5 Qxe5 38. Bxe5 Rc2 39. Kf1 Ra2 40.
Rd3 Kf7 41. h4 Ke6 42. Bc7 a4 43. Ba5 Ra1+ 44. Kg2 Ra2 45. Kf3 h6 46. Bb4 h5 47.
Rd6+ Kf7 48. Ra6 Rb2 49. Rxa4 Rb3+ 50. e3 g5 51. Ra7+ Kg6 52. Ra6+ Kf7 53. hxg5 h4 54.
gxh4 1-0

[Event "*** Titled Tuesday Blitz"]
[Site "Chess.com"]
[Date "2021.02.02"]
[Round "5"]
[White "FairChess_on_YouTube"]
[Black "ShimanovAlex"]
[Result "1-0"]
[WhiteElo "2932"]
[BlackElo "2831"]
[TimeControl "180+1"]
[EndTime "10:59:04 PST"]
[Termination "FairChess_on_YouTube won on time"]

1. e4 b6 2. d4 Bb7 3. Bd3 e6 4. Nf3 c5 5. c3 Nf6 6. Nbd2 d5 7. e5 Nfd7 8. a3 Nc6 9. b4 Be7 10. h4 g6 11. g3 h6 12. Rb1 Qc7 13. Bb2 c4 14.
Bc2 b5 15. Nf1 a5 16. Ne3 Nb6 17. Bc1 axb4 18. axb4 Ra2 19. Ng4 Bf8 20. Nf6+ Kd8 21. O-O Nd7 22. Ng4 Kc8 23. Bf4 Qd8 24. Ra1 Rxa1 25.
Qxa1 Ne7 26. Qc1 Ng8 27. Qd2 Bc6 28. Ra1 Kb7 29. Bb1 Nb6 30. Ne1 h5 31. Nf6 Be7 32.
Nxg8 Rxg8 33. Nf3 Qc7 34. Bc2 Ra8 35. Rxa8 Kxa8 36. Bg5 Bf8 37. Qf4 Na4 38. Bxg6 Nxc3 39. Qxf7 Qxf7 40. Bxf7 Bxb4 41. Bxh5 Ba3 42. Bg6 b4 43. h5 Ne4 44. h6 1-0

[Event "*** Titled Tuesday Blitz"]
[Site "Chess.com"]
[Date "2021.02.02"]
[Round "5"]
[White "EugeneRougon"]
[Black "szachuspl"]
[Result "1-0"]
[WhiteElo "2736"]
[BlackElo "2544"]
[TimeControl "180+1"]
[EndTime "10:59:04 PST"]
[Termination "EugeneRougon won on time"]

1. e4 c5 2. Nf3 e6 3. d4 cxd4 4.
Nxd4 Nf6 5. Nc3 Nc6 6. Nxc6 bxc6 7. e5 Nd5 8. Ne4 Bb7 9. Be2 Qc7 10. Nd6+ Bxd6 11. exd6 Qb6 12. c4 Nf6 13. O-O c5 14. Be3 O-O 15. b4 Ne4 16. bxc5 Qa6 17. Bd3 Bc6 18. f3 Nf6 19. Bd4 Nh5 20. Qd2 g6 21. g4 Ng7 22. Qh6 f6 23. g5 Nf5 24. Bxf5 exf5 25.
gxf6 Rf7 26. Qc1 Re8 27. Rf2 Re6 28. Qc3 Qa4 29. Rb1 Re8 30. Rfb2 Rff8 31. Kf2 Kf7 32.
Be5 Qa6 33. Re1 Re6 34. Rbe2 Rfe8 35. Qd4 Qa3 36. Qf4 Qxc5+ 37. Kf1 Bb7 38. Qh6 Rg8 39. Qxh7+ Kf8 40. f7 1-0

[Event "*** Titled Tuesday Blitz"]
[Site "Chess.com"]
[Date "2021.02.02"]
[Round "5"]
[White "andrzej"]
[Black "chegueps"]
[Result "0-1"]
[WhiteElo "2281"]
[BlackElo "2504"]
[TimeControl "180+1"]
[EndTime "10:59:04 PST"]
[Termination "chegueps won on time"]

1. e4 e5 2. Nf3 Nc6 3. d4 exd4 4.
Nxd4 d6 5. Nc3 Nf6 6. f3 g6 7.
Be3 Bg7 8. Qd2 Bd7 9. O-O-O a6 10. Kb1 Qe7 11. g4 Nxd4 12. Bxd4 Bc6 13. h4 O-O-O 14. h5 h6 15. hxg6 fxg6 16. Bc4 h5 17. g5 Nd7 18. f4 Nc5 19. Rhe1 h4 20. Bxg7 Qxg7 21. f5 Qe5 22.
fxg6 h3 23. Bd5 Be8 24. Bf7 h2 25. Qg2 Rh5 26. Rh1 Kb8 27. Nd5 Rxg5 28. Qxh2 Nxe4 29. Qxe5 dxe5 30. Bxe8 Rxe8 31. Rhe1 Nd6 32. Nf6 Re6 33. Nd7+ Ka7 34. Nc5 Rexg6 35. a4 b6 0-1

[Event "*** Titled Tuesday Blitz"]
[Site "Chess.com"]
[Date "2021.02.02"]
[Round "5"]
[White "Grineva_Marianna"]
[Black "J36225"]
[Result "0-1"]
[WhiteElo "2250"]
[BlackElo "2432"]
[TimeControl "180+1"]
[EndTime "10:59:05 PST"]
[Termination "J36225 won by checkmate"]

1. e4 e5 2. Nf3 Nc6 3. Bb5 a6 4. Ba4 Nf6 5. O-O Nxe4 6. d4 b5 7. Bb3 d5 8. dxe5 Be6 9. c3 Be7 10. Bc2 O-O 11. Re1 Bg4 12. Bf4 Nc5 13. h3 Bh5 14. g4 Bg6 15. Bf5 Ne6 16. Bg3 Bg5 17. Nxg5 Qxg5 18. Qd2 Bxf5 19. Qxg5 Nxg5 20. gxf5 Nf3+ 21.
Kf1 Nxe1 22. Kxe1 Nxe5 23. Bxe5 Rfe8 24. f4 f6 25. Nd2 fxe5 26. Kf2 exf4 27. Nf3 Re3 28. Rg1 Rae8 29. Nd4 c5 30. Ne6 R3xe6 31. fxe6 Rxe6 32. Rg5 Rd6 33. Rf5 h6 34. Rxf4 Rf6 35.
Ke3 Rxf4 36. Kxf4 g5+ 37. Ke5 h5 38. Kxd5 Kf7 39. Kxc5 g4 40. hxg4 h4 41. Kb6 h3 42.
Kxa6 h2 43. Kxb5 h1=Q 44. b4 Qd5+ 45. Kb6 Qxa2 46. Kc5 Qf2+ 47. Kb5 Ke6 48. c4 Kd6 49. c5+ Kc7 50. g5 Qe2+ 51. Ka4 Kc6 52. g6 Qa2# 0-1

[Event "*** Titled Tuesday Blitz"]
[Site "Chess.com"]
[Date "2021.02.02"]
[Round "5"]
[White "Mr_Sinigami"]
[Black "Azerichess"]
[Result "0-1"]
[WhiteElo "2643"]
[BlackElo "2997"]
[TimeControl "180+1"]
[EndTime "10:59:06 PST"]
[Termination "Azerichess won on time"]

1. d4 d5 2. Nf3 Nf6 3. Bf4 Bf5 4. e3 e6 5. Bd3 Bg6 6. O-O Be7 7. c4 O-O 8. Bxg6 hxg6 9. Qc2 c6 10. Nbd2 Nbd7 11. c5 b6 12. b4 a5 13. a3 b5 14. a4 axb4 15. axb5 cxb5 16. Qd3 Nh5 17. Be5 g5 18. h3 f5 19. Qxb5 Ra3 20. Rxa3 bxa3 21. Qa6 Kf7 22. g4 Rh8 23. Ra1 Nf4 24. exf4 Rxh3 25.
gxf5 exf5 26. Qc6 g4 27. Qxd5+ Kg6 28. Qe6+ Bf6 29. Bxf6 gxf6 30. Ne5+ Nxe5 31. fxe5 Qxd4 32. Qxf6+ Kh5 33. Qxf5+ Kh6 34. Qf6+ Kh5 35. Qf7+ Kh6 0-1

[Event "*** Titled Tuesday Blitz"]
[Site "Chess.com"]
[Date "2021.02.02"]
[Round "5"]
[White "LiamVrolijk"]
[Black "Eltaj_Safarli"]
[Result "1-0"]
[WhiteElo "2855"]
[BlackElo "2934"]
[TimeControl "180+1"]
[EndTime "10:59:08 PST"]
[Termination "LiamVrolijk won on time"]

1. d4 Nf6 2. c4 e6 3. g3 d5 4. Bg2 Be7 5. Nf3 O-O 6. O-O dxc4 7. Ne5 Nd5 8. Nxc4 b5 9. Ne5 Bb7 10. Nd2 Nd7 11. Nxd7 Qxd7 12. Nb3 a5 13. e4 Nf6 14.
e5 Nd5 15. Qg4 Kh8 16. Bd2 a4 17. Na5 f5 18. Qh5 Ba6 19. Rfc1 Rac8 20. Nc6 Bb7 21.
Nxe7 Qxe7 22. Rc5 b4 23. Rac1 Ba8 24. Qd1 Qd7 25. Ra5 f4 26. Qxa4 Qf7 27. Be1 Nb6 28. Qd1 Bxg2 29. Kxg2 f3+ 30. Kg1 Qf5 31. Bxb4 Rfd8 32.
Ra3 c5 33. Rxf3 Qe4 34. Rf4 Qd5 35. Ba5 Nc4 36. Bxd8 Rxd8 37. Qb3 Nxe5 38. Qxd5 1-0

[Event "*** Titled Tuesday Blitz"]
[Site "Chess.com"]
[Date "2021.02.02"]
[Round "5"]
[White "chess4ever007"]
[Black "doons21"]
[Result "0-1"]
[WhiteElo "2361"]
[BlackElo "2546"]
[TimeControl "180+1"]
[EndTime "10:59:08 PST"]
[Termination "doons21 won by checkmate"]

1. Nf3 Nf6 2. d4 g6 3. c4 Bg7 4. Nc3 O-O 5. e4 d6 6. Be2 e5 7. O-O Nc6 8. d5 Ne7 9. Ne1 Nd7 10. Nd3 f5 11. f3 f4 12. Bd2 g5 13. Rc1 h5 14. c5 a6 15. c6 Nf6 16. cxb7 Bxb7 17. Nf2 Rf7 18. Na4 Ng6 19. Ba5 Bc8 20.
Qc2 Ne8 21. Qd2 Bd7 22. b3 Bf8 23. Rc2 Nh4 24. Rfc1 Ra7 25. Rc3 Rg7 26. h3 g4 27.
hxg4 hxg4 28. Nxg4 Qg5 29. Bxc7 Bxg4 30. fxg4 Raxc7 31. Nb6 Rxc3 32. Qxc3 Nf6 33. Qh3 Nxe4 34. Rc8 Ng3 35.
Bd3 e4 36. Bxa6 Qf6 37. Rc1 Qd4+ 38. Kh2 Nf3+ 39. gxf3 Qf2+ 40. Qg2 Rh7# 0-1

[Event "*** Titled Tuesday Blitz"]
[Site "Chess.com"]
[Date "2021.02.02"]
[Round "5"]
[White "bylavochka"]
[Black "Homino"]
[Result "0-1"]
[WhiteElo "2088"]
[BlackElo "2311"]
[TimeControl "180+1"]
[EndTime "10:59:08 PST"]
[Termination "Homino won on time"]

1. e4 c5 2. Nf3 Nc6 3. d4 cxd4 4. Nxd4 g6 5. c4 Nf6 6. Be3 Nxe4 7. Nd2 Nxd2 8.
Qxd2 Bg7 9. Nf3 O-O 10. Be2 d6 11. O-O Qa5 12. Qxa5 Nxa5 13. Rab1 Bf5 14. Rbd1 Bxb2 15.
c5 dxc5 16. Bxc5 Nc6 17. Bb5 Bf6 18. Rfe1 Rfd8 19. Rc1 e6 20. Bxc6 bxc6 21. Be3 Be4 22. Nd2 Bd5 23. Nb3 a5 24. Bb6 Rdb8 25. Bc5 Bxb3 26.
axb3 Rxb3 27. Rc2 a4 28. Ra2 a3 29. Be3 Rb2 30. Rea1 Rxa2 31. Rxa2 Bb2 32. Kf1 Kf8 33.
Ke2 Ke7 34. Kd3 Kd6 35. Kc2 Kd5 36. Kd3 c5 37. Bd2 c4+ 38. Kc2 Rb8 39. Bc3 Rb3 40. Bf6 Bxf6 0-1

[Event "*** Titled Tuesday Blitz"]
[Site "Chess.com"]
[Date "2021.02.02"]
[Round "5"]
[White "BilodeauA"]
[Black "Volodar_Murzin"]
[Result "0-1"]
[WhiteElo "2867"]
[BlackElo "2627"]
[TimeControl "180+1"]
[EndTime "10:59:09 PST"]
[Termination "Volodar_Murzin won by resignation"]

1. e4 c5 2. Nf3 d6 3. d4 cxd4 4. Nxd4 Nf6 5. Nc3 a6 6. Be2 e5 7. Nb3 Be7 8. O-O O-O 9. Kh1 Nbd7 10. a4 b6 11. f3 Bb7 12. Be3 Rc8 13. Rf2 Qc7 14.
Bf1 Rfd8 15. Rd2 Nc5 16. Be2 Nxb3 17. cxb3 d5 18. exd5 Bb4 19. Bc4 Bxc3 20. bxc3 b5 21. axb5 axb5 22. d6 Qc6 23. Be2 Nd5 24. Bf2 Nxc3 25.
Qe1 Rxd6 26. Rxd6 Qxd6 27. Bf1 b4 28. h3 Bd5 29. Ra6 Qc7 30. Ra7 Qd6 31. Qd2 Qe6 32.
Ra6 Qf5 33. Rd6 Qb1 34. Kg1 Qxb3 35. Bg3 f6 36. Kh2 Qa2 37. Qe3 Qa8 38. Qb6 Qb8 39. Qa5 Qxd6 40. Bd3 Ra8 0-1

[Event "*** Titled Tuesday Blitz"]
[Site "Chess.com"]
[Date "2021.02.02"]
[Round "5"]
[White "TimKett"]
[Black "tteshan"]
[Result "1-0"]
[WhiteElo "2192"]
[BlackElo "2332"]
[TimeControl "180+1"]
[EndTime "10:59:09 PST"]
[Termination "TimKett won by resignation"]

1. e4 c5 2. Nf3 d6 3. d4 cxd4 4. Nxd4 Nf6 5. Nc3 Nc6 6. Bg5 e6 7. Qd2 a6 8. O-O-O Qc7 9. Bxf6 gxf6 10. Kb1 b5 11. f4 Bb7 12. f5 Nxd4 13. Qxd4 e5 14.
Qd2 Qc5 15. Be2 Ke7 16. Bh5 b4 17.
Nd5+ Bxd5 18. Qxd5 Qxd5 19. Rxd5 Bh6 20. Rhd1 Rhd8 21.
R1d3 Rac8 22. Be2 Bf4 23. Rh3 Rg8 24. g3 Be3 25. Rxh7 Rc6 26. Bh5 Rf8 27. g4 Rc4 28. Ra5 Rc6 29. a3 bxa3 30. Rxa3 Bg5 31. Rb3 Rc7 32. Rb6 a5 33. Ra6 Bd2 34. c3 Rb7 35.
Kc2 Bf4 36. Rxa5 Bxh2 37. b4 Bg1 38. Kb3 Be3 39. c4 Bc5 40. b5 Bb6 41. Ra6 Bc5 42. Ka4 Bb6 43. Kb4 Bc5+ 44. Ka5 Bd4 45. b6 Bc5 46. Kb5 Ke8 47. Kc6 Rb8 48. b7 Ke7 49.
Rxf7+ Rxf7 50. Bxf7 Kxf7 51. Ra8 Ba7 52. Rxa7 Ke7 53. Ra8 1-0

[Event "*** Titled Tuesday Blitz"]
[Site "Chess.com"]
[Date "2021.02.02"]
[Round "5"]
[White "medalja"]
[Black "IDontWannaRecognized"]
[Result "1-0"]
[WhiteElo "2485"]
[BlackElo "2254"]
[TimeControl "180+1"]
[EndTime "10:59:10 PST"]
[Termination "medalja won on time"]

1. d4 d5 2. c4 e6 3. Nf3 Nf6 4. g3 dxc4 5. Bg2 Bd7 6. Ne5 Bc6 7. Nxc6 Nxc6 8. Qa4 Qd7 9. e3 Rd8 10. Qxc4 e5 11. O-O exd4 12. exd4 Be7 13. Be3 O-O 14. Nc3 Rfe8 15. Rad1 h6 16. d5 Ne5 17. Qb5 Bd6 18. h3 Qxb5 19. Nxb5 Nc4 20. Bd4 a6 21. Nxd6 cxd6 22.
Rc1 Rc8 23. Rfe1 Rxe1+ 24. Rxe1 Kf8 25. h4 b5 26. f4 a5 27. Kf2 a4 28. b3 axb3 29.
axb3 Na3 30. Rd1 Ng4+ 31. Kg1 f5 32. Bf3 Nf6 33. Bb2 b4 34. Ra1 Ra8 35. Kf2 Ke7 36. Ke3 Kd7 37. Kd2 Kc7 38. h5 Kb6 39. Re1 1-0

[Event "*** Titled Tuesday Blitz"]
[Site "Chess.com"]
[Date "2021.02.02"]
[Round "5"]
[White "MattyDPerrine"]
[Black "CzechmVIII"]
[Result "1-0"]
[WhiteElo "2445"]
[BlackElo "2267"]
[TimeControl "180+1"]
[EndTime "10:59:10 PST"]
[Termination "MattyDPerrine won on time"]

1. e4 c5 2. Nf3 d6 3. Bb5+ Nd7 4. Ba4 Nf6 5. O-O e6 6. Re1 Be7 7. c3 O-O 8. d4 Qc7 9. Bc2 e5 10. dxe5 Nxe5 11. Nxe5 dxe5 12. c4 Be6 13. Qe2 Ne8 14. Nc3 Nd6 15. Nd5 Bxd5 16. exd5 Rae8 17. Bd2 f5 18.
Ba4 Rd8 19. Qxe5 Bf6 20. Qe6+ Qf7 21. Bb3 Bxb2 22. Rab1 Bd4 23. Bg5 Rde8 24. Qxd6 Re4 25. Bc2 Rxe1+ 26. Rxe1 Kh8 27. Re7 Qh5 28. Qg3 Qg6 29.
Bf4 Qf6 30. Re6 Qf7 31. h4 h6 32. Be5 Kh7 33. Bxd4 cxd4 34. Qe5 Qh5 35. Bd3 Qd1+ 36. Bf1 Qg4 37. Re7 Rf6 38. f3 Qxh4 39. g3 Qg5 40. Kf2 Qd2+ 41. Be2 Qg5 42. f4 Qh5 43. Bxh5 Rg6 44.
Bxg6+ 1-0

[Event "*** Titled Tuesday Blitz"]
[Site "Chess.com"]
[Date "2021.02.02"]
[Round "5"]
[White "johnathan113"]
[Black "BlueWizzard"]
[Result "1-0"]
[WhiteElo "2585"]
[BlackElo "2760"]
[TimeControl "180+1"]
[EndTime "10:59:11 PST"]
[Termination "johnathan113 won by resignation"]

1. e4 a6 2. d4 d6 3. Nc3 b5 4. Be3 Nd7 5. Qd2 Bb7 6. f3 Nb6 7. a3 h5 8. Nh3 Nf6 9. Ng5 e6 10. O-O-O Be7 11. Kb1 Qd7 12. Qf2 Nh7 13. Nxh7 Rxh7 14.
d5 e5 15. Bxb6 cxb6 16. Qxb6 Rc8 17. h4 Rc5 18. Qa5 g6 19. g3 Kf8 20. Bh3 Qe8 21. Qb6 Bc8 22. Rdf1 Kg7 23. f4 Bxh3 24. Rxh3 Qc8 25.
Rh2 Rxc3 26. bxc3 Qxc3 27. fxe5 Qxe5 28. Rhf2 f5 29. Qa7 Kg8 30. Qb8+ Kg7 31. Qa7 Kg8 32. Qb8+ Kf7 33. Rxf5+ gxf5 34. Rxf5+ Bf6 35. Rxe5 Bxe5 36. Qb7+ Kg6 37. Qxa6 Bxg3 38. Qxb5 Bxh4 39. Qe8+ Kh6 40. Qe6+ Kg5 41. Qxd6 Be1 42. Qe5+ Kg6 43. Qf5+ Kg7 44.
d6 Bh4 45. e5 Bd8 46. e6 Bf6 47. e7 Rh8 48. Qe6 Re8 49. a4 h4 50. Qd7 Kf7 51.
Kc1 Rb8 52. Qf5 h3 53. Qxh3 Rg8 54. Qb3+ Kg7 55. Qxg8+ Kxg8 56. e8=Q+ Kg7 57. d7 Bg5+ 58. Kb1 Bf6 59. Ka2 Kh6 60. d8=Q Kg5 61. Qdd7 1-0

[Event "*** Titled Tuesday Blitz"]
[Site "Chess.com"]
[Date "2021.02.02"]
[Round "5"]
[White "JAAC2002"]
[Black "kasparicy"]
[Result "0-1"]
[WhiteElo "2493"]
[BlackElo "2344"]
[TimeControl "180+1"]
[EndTime "10:59:11 PST"]
[Termination "kasparicy won by resignation"]

1. d4 Nf6 2. Nf3 g6 3. g3 Bg7 4. Bg2 d5 5. O-O O-O 6. b3 Ne4 7. Bb2 c5 8. Nbd2 Nc6 9. e3 Bg4 10. h3 Nxd2 11. Qxd2 Bf5 12. Rfd1 Be4 13. c4 dxc4 14. bxc4 cxd4 15. exd4 Na5 16. Rac1 Rc8 17. Qe2 Bxf3 18. Bxf3 Qd7 19. Bg4 f5 20. Bf3 e6 21.
d5 e5 22. d6 e4 23. Bxg7 Kxg7 24. Bg2 Rf6 25. c5 b6 26. Qd2 Nb7 27. cxb6 axb6 28. Rxc8 Qxc8 29. d7 Qd8 30. Qd4 Nc5 31. g4 Kf7 32. g5 Re6 33. Bf1 Qxg5+ 34. Kh1 Nxd7 35. Qxd7+ Re7 36. Bc4+ Kg7 37. Qd4+ Kh6 38. Qe3 f4 39. Qe2 e3 40. f3 Qg3 41. Qg2 e2 42. Bxe2 Qxg2+ 43. Kxg2 Rxe2+ 44. Kg1 Rxa2 45. Rd6 b5 46. Rb6 Rb2 47.
Rb7 b4 48. Rb5 b3 49. Rb6 Kg5 50. Rb7 Kh4 51. Rxh7+ Kg3 52. Kf1 Kxf3 0-1

[Event "*** Titled Tuesday Blitz"]
[Site "Chess.com"]
[Date "2021.02.02"]
[Round "5"]
[White "vovachesss"]
[Black "BairaKovanova"]
[Result "1-0"]
[WhiteElo "2742"]
[BlackElo "2503"]
[TimeControl "180+1"]
[EndTime "10:59:12 PST"]
[Termination "vovachesss won on time"]

1. Nf3 Nf6 2. g3 d5 3. Bg2 Bg4 4. O-O Nbd7 5. d3 e5 6. c4 c6 7. cxd5 cxd5 8. Nc3 Be7 9. Bg5 Be6 10. Rc1 a6 11. Nd2 O-O 12. Nb3 h6 13. Bxf6 Nxf6 14. d4 e4 15. Nc5 Bc8 16. Qb3 b6 17. N5a4 Rb8 18. f3 Be6 19. Nd1 h5 20. Ne3 exf3 21. exf3 Qd7 22. f4 Bh3 23. Nc3 Bxg2 24. Kxg2 h4 25.
Ncxd5 h3+ 26. Kg1 Rfe8 27. Rc7 Qd6 28. Rxe7 Nxd5 29. Rxe8+ Rxe8 30. Qxd5 Qe7 31. Re1 Qb4 32.
Re2 Qa4 33. Qf3 Qb5 34. Kf2 Qd3 35. Qg4 Qxd4 36. Qxh3 Rd8 37. Qg4 Qc5 38. Qf3 Rd3 39. Qe4 Rd4 40. Qe8+ Kh7 41. Qxf7 a5 42. Qf5+ 1-0

[Event "*** Titled Tuesday Blitz"]
[Site "Chess.com"]
[Date "2021.02.02"]
[Round "5"]
[White "Deepweb2020"]
[Black "arctic_t00"]
[Result "0-1"]
[WhiteElo "2386"]
[BlackElo "2529"]
[TimeControl "180+1"]
[EndTime "10:59:12 PST"]
[Termination "arctic_t00 won by checkmate"]

1. d4 Nf6 2. Bf4 g6 3. Nc3 d5 4.
e3 Bg7 5. h4 h5 6. Nb5 Na6 7. c4 O-O 8. c5 c6 9. Nc3 b6 10. cxb6 axb6 11. Nf3 Bg4 12. Be2 Nd7 13.
O-O Bxf3 14. Bxf3 e5 15. Bg3 e4 16. Be2 Bf6 17. Bd6 Be7 18. Bxe7 Qxe7 19. g3 Nc7 20. Rc1 Ne6 21. a3 f5 22. Na2 Rac8 23. Nb4 Qd6 24. Qa4 b5 25. Qb3 Nb6 26. Qa2 Kh7 27. Rc2 Rg8 28.
Rfc1 Nc4 29. Bxc4 bxc4 30. b3 g5 31. hxg5 Nxg5 32. bxc4 Nf3+ 33. Kf1 h4 34. cxd5 hxg3 35. fxg3 Qxg3 36. Rg2 Qh3 37. d6 Qh1+ 38. Ke2 Rxg2# 0-1

[Event "*** Titled Tuesday Blitz"]
[Site "Chess.com"]
[Date "2021.02.02"]
[Round "5"]
[White "Cocaino74"]
[Black "Vamostodorecto"]
[Result "1/2-1/2"]
[WhiteElo "2283"]
[BlackElo "2445"]
[TimeControl "180+1"]
[EndTime "10:59:12 PST"]
[Termination "Game drawn by repetition"]

1. e4 e5 2. Nf3 Nc6 3. Bc4 Bc5 4. c3 d6 5. d4 Bb6 6. O-O Bg4 7. Bb5 Bxf3 8. Qxf3 exd4 9. cxd4 Bxd4 10. Nc3 Nf6 11. Rd1 Bxc3 12. Qxc3 O-O 13. Bxc6 bxc6 14. e5 Ng4 15. exd6 cxd6 16. Bf4 Qf6 17. Qxf6 Nxf6 18. Rxd6 Rac8 19. Rc1 Rfd8 20. Rxd8+ Rxd8 21. Bg5 Rd6 22. Bxf6 Rxf6 23. Rd1 g6 24. Rd8+ Kg7 25. Kf1 Rf5 26. Rc8 Rc5 27. Ra8 Rc2 28. Rxa7 Rxb2 29. Rc7 Rxa2 30.
Rxc6 h5 31. g3 Kh6 32. h4 Kg7 33. Kg2 f6 34. Rc7+ Kh6 35. Rc6 Kg7 36. Rc7+ Kh6 37. Rf7 Ra6 38. f4 f5 39. Kh3 Ra3 40. Re7 Rb3 41.
Rd7 Rb1 42. Rf7 Rh1+ 43. Kg2 Ra1 44. Kh3 Ra2 45. Re7 Rb2 46. Rd7 Rb3 47. Re7 Rf3 48. Rd7 Ra3 49. Re7 Ra1 50. Rd7 Rh1+ 51. Kg2 Ra1 52. Kh3 Ra3 53. Re7 1/2-1/2

[Event "*** Titled Tuesday Blitz"]
[Site "Chess.com"]
[Date "2021.02.02"]
[Round "5"]
[White "bogcsab"]
[Black "ErikRonka"]
[Result "1/2-1/2"]
[WhiteElo "2178"]
[BlackElo "2466"]
[TimeControl "180+1"]
[EndTime "10:59:13 PST"]
[Termination "Game drawn by repetition"]

1. d4 d5 2. Nf3 Nf6 3. g3 Bg4 4. Bg2 Nbd7 5. O-O e6 6. Ne5 Bf5 7. c4 c6 8. Nc3 Bd6 9. cxd5 exd5 10. Nxd7 Qxd7 11. e4 Nxe4 12. Re1 O-O 13. Nxe4 dxe4 14. Bxe4 Rfe8 15. Bxf5 Qxf5 16. Rxe8+ Rxe8 17. Be3 h5 18.
Kg2 h4 19. gxh4 Re4 20. h3 Qg6+ 21. Kf1 Rxh4 22. Qf3 Qd3+ 23. Kg2 Qg6+ 24. Kh1 Rh5 25. Rg1 Qh7 26. Kg2 Qf5 27. Qg4 Qxg4+ 28. hxg4 Rb5 29.
Rb1 f6 30. Kf3 Kf7 31. Ke4 g6 32. f4 f5+ 33. gxf5 Rxf5 34. Rf1 Ke6 35. b3 Rh5 36. Rf2 Rh1 37. f5+ gxf5+ 38. Rxf5 Rh4+ 39. Bf4 Rxf4+ 40. Rxf4 Bxf4 41. Kxf4 Kd5 42. Ke3 c5 43. dxc5 Kxc5 44. Kd3 b5 45. Kc3 a5 46. a3 b4+ 47. axb4+ axb4+ 48.
Kd3 Kd5 49. Ke3 Ke5 50. Kd3 Kd5 51. Ke3 Ke5 52. Kd3 Kd5 1/2-1/2